PAAA
MILTON DOGFISH HEAD @ PHOENIX HOTSPUR RESERVES
07/11/2028
 
TOP OF THE 1ST
Milton Dogfish Head batting - Pitching for Phoenix Hotspur Reserves : LHP Mike Harris
Pitching: LHP Mike Harris
Batting: RHB Rob Gray 0-0: Foul Ball, location: 2F
0-1: Ball
1-1: Ball
2-1: Called Strike
2-2: Ball
3-2: Foul Ball, location: 2F
3-2: SINGLE (Flyball, 9LS)
Batting: LHB Víctor Robledo 0-0: Called Strike
0-1: SINGLE (Line Drive, 34)
Rob Gray to second
Batting: RHB José Correa 0-0: Foul Ball, location: 2F
0-1: Swinging Strike
0-2: Foul Ball, location: 2F
0-2: Foul Ball, location: 2F
0-2: Foul Ball, location: 2F
0-2: Foul Ball, location: 2F
0-2: Reached via error on a dropped throw, E4
Rob Gray to third
Víctor Robledo to second
Batting: LHB António Ramos 0-0: Called Strike
0-1: Ball
1-1: Ball
2-1: Swinging Strike
2-2: Strikes out looking
Batting: LHB Floyd Long 0-0: Ball
1-0: Ball
2-0: Ball
3-0: Called Strike
3-1: Ground out 3-1 (Groundball, 3S)
Rob Gray scores
Víctor Robledo to third
José Correa to second
Batting: LHB Edward Woodstock 0-0: SINGLE (Flyball, 8RS)
Víctor Robledo scores
José Correa to third
Runner from 3rd tries for Home, SAFE, no throw
Batting: RHB David Sánchez 0-0: Ball
1-0: Ball
2-0: SINGLE (Line Drive, 56)
Edward Woodstock to second
Batting: LHB Luis Vicenteno 0-0: Fielders Choice at 2nd, 6-4 (Groundball, 6)
Top of the 1st over - 3 run(s), 4 hit(s), 1 error(s), 1 left on base; Milton 3 - Phoenix 0
BOTTOM OF THE 1ST
Phoenix Hotspur Reserves batting - Pitching for Milton Dogfish Head : RHP Juan Lara
Pitching: RHP Juan Lara
Batting: RHB Pierre Bernard 0-0: Called Strike
0-1: Ball
1-1: Swinging Strike
1-2: Strikes out swinging
Batting: RHB Jesús Mejía 0-0: Called Strike
0-1: Fly out, F9 (Flyball, 9S)
Batting: RHB Marc Meertens 0-0: Called Strike
0-1: Ground out 5-3 (Groundball, 56)
Bottom of the 1st over - 0 run(s), 0 hit(s), 0 error(s), 0 left on base; Milton 3 - Phoenix 0
TOP OF THE 2ND
Milton Dogfish Head batting - Pitching for Phoenix Hotspur Reserves : LHP Mike Harris
Batting: SHB Javier Luna 0-0: Fly out, F7 (Flyball, 78D)
Batting: RHB Rob Gray 0-0: Fly out, F8 (Flyball, 8LD)
Batting: LHB Víctor Robledo 0-0: Called Strike
0-1: Foul Ball, location: 2F
0-2: Ball
1-2: Foul Ball, location: 2F
1-2: Ball
2-2: Ground out 5-3 (Groundball, 56)
Top of the 2nd over - 0 run(s), 0 hit(s), 0 error(s), 0 left on base; Milton 3 - Phoenix 0
BOTTOM OF THE 2ND
Phoenix Hotspur Reserves batting - Pitching for Milton Dogfish Head : RHP Juan Lara
Batting: LHB Harumi Takaki 0-0: Swinging Strike
0-1: Ball
1-1: Ball
2-1: Ball
3-1: Called Strike
3-2: Base on Balls
Batting: RHB Júlio Mateo 0-0: Called Strike
0-1: Called Strike
Harumi Takaki steals 2nd base
0-2: Ball
1-2: Ball
2-2: SINGLE (Groundball, 4MD)
Harumi Takaki to third
Batting: RHB Jesús Álvarez 0-0: Called Strike
0-1: Foul Ball, location: 2F
0-2: Ground out 6-3 (Groundball, 6S)
Harumi Takaki scores
Júlio Mateo to second
Batting: SHB Jesús González 0-0: Ground out 4-3 (Groundball, 4D)
Júlio Mateo to third
Batting: RHB Hiwahikeiki Noelani 0-0: Foul Ball, location: 2F
0-1: Called Strike
0-2: Ball
1-2: Ball
2-2: Fly out, F8 (Flyball, 8LM)
Bottom of the 2nd over - 1 run(s), 1 hit(s), 0 error(s), 1 left on base; Milton 3 - Phoenix 1
TOP OF THE 3RD
Milton Dogfish Head batting - Pitching for Phoenix Hotspur Reserves : LHP Mike Harris
Batting: RHB José Correa 0-0: Ball
1-0: SINGLE (Groundball, 56D)
Batting: LHB António Ramos 0-0: Foul Ball, location: 2F
0-1: Ball
1-1: Ball
2-1: Ball
3-1: Base on Balls
José Correa to second
Batting: LHB Floyd Long 0-0: Ball
1-0: Ball
2-0: Called Strike
2-1: Grounds into double play, 4-6-3 (Groundball, 4)
José Correa to third
Batting: LHB Edward Woodstock 0-0: Called Strike
0-1: Called Strike
0-2: Ball
1-2: Ball
2-2: Foul Ball, location: 2F
2-2: Foul Ball, location: 2F
2-2: Ball
3-2: Foul Ball, location: 2F
3-2: Strikes out swinging
Top of the 3rd over - 0 run(s), 1 hit(s), 0 error(s), 1 left on base; Milton 3 - Phoenix 1
BOTTOM OF THE 3RD
Phoenix Hotspur Reserves batting - Pitching for Milton Dogfish Head : RHP Juan Lara
Batting: RHB Bob Curry 0-0: Foul Ball, location: 2F
0-1: Ball
1-1: Ball
2-1: Ball
3-1: Base on Balls
Batting: RHB Pierre Bernard 0-0: Ball
1-0: Foul Ball, location: 2F
1-1: Foul Ball, location: 2F
1-2: Ball
2-2: Strikes out swinging
Batting: RHB Jesús Mejía 0-0: Called Strike
0-1: Fly out, F8 (Flyball, 8RM)
Batting: RHB Marc Meertens 0-0: Ball
1-0: Fly out, F8 (Flyball, 8RD)
Bottom of the 3rd over - 0 run(s), 0 hit(s), 0 error(s), 1 left on base; Milton 3 - Phoenix 1
TOP OF THE 4TH
Milton Dogfish Head batting - Pitching for Phoenix Hotspur Reserves : LHP Mike Harris
Batting: RHB David Sánchez 0-0: Ball
1-0: Ball
2-0: Called Strike
2-1: Ball
3-1: Ground out 6-3 (Groundball, 6)
Batting: LHB Luis Vicenteno 0-0: Ball
1-0: Foul Ball, location: 2F
1-1: Ball
2-1: Foul Ball, location: 2F
2-2: Strikes out swinging
Batting: SHB Javier Luna 0-0: Ball
1-0: SINGLE (Groundball, 56D)
Batting: RHB Rob Gray 0-0: Fielders Choice at 2nd, 5-4 (Groundball, 5)
Top of the 4th over - 0 run(s), 1 hit(s), 0 error(s), 0 left on base; Milton 3 - Phoenix 1
BOTTOM OF THE 4TH
Phoenix Hotspur Reserves batting - Pitching for Milton Dogfish Head : RHP Juan Lara
Batting: LHB Harumi Takaki 0-0: Fly out, F8 (Flyball, 8RXD)
Batting: RHB Júlio Mateo 0-0: Called Strike
0-1: Foul Ball, location: 2F
0-2: SINGLE (Flyball, 89S)
Batting: RHB Jesús Álvarez 0-0: Called Strike
0-1: Ball
1-1: Foul Ball, location: 2F
1-2: Ball
2-2: Foul Ball, location: 2F
2-2: SINGLE (Line Drive, 3)
Júlio Mateo to second
Batting: SHB Jesús González 0-0: Foul Ball, location: 2F
0-1: Ball
1-1: Foul Ball, location: 2F
1-2: Fly out, F7 (Flyball, 78M)
Batting: RHB Hiwahikeiki Noelani 0-0: Called Strike
0-1: Called Strike
0-2: Ball
1-2: Ball
2-2: Fielders Choice at 2nd, 4-6 (Groundball, 4)
Bottom of the 4th over - 0 run(s), 2 hit(s), 0 error(s), 1 left on base; Milton 3 - Phoenix 1
TOP OF THE 5TH
Milton Dogfish Head batting - Pitching for Phoenix Hotspur Reserves : LHP Mike Harris
Batting: LHB Víctor Robledo 0-0: Ball
1-0: Fly out, F7 (Line Drive, 78M)
Batting: RHB José Correa 0-0: Ball
1-0: Foul Ball, location: 2F
1-1: Called Strike
1-2: SINGLE (Line Drive, 7LS)
Batting: LHB António Ramos 0-0: Ball
1-0: Ball
2-0: Called Strike
2-1: Called Strike
José Correa steals 2nd base
2-2: Ball
3-2: Base on Balls
Batting: LHB Floyd Long 0-0: Foul Ball, location: 2F
0-1: Fly out, F7 (Flyball, 7)
Batting: LHB Edward Woodstock 0-0: Ball
1-0: Ball
2-0: Ball
3-0: Swinging Strike
3-1: Base on Balls
José Correa to third
António Ramos to second
Batting: RHB David Sánchez 0-0: Ball
1-0: Ball
2-0: SINGLE (Line Drive, 78S)
José Correa scores
António Ramos to third
Edward Woodstock to second
Runner from 3rd tries for Home, SAFE, no throw
Batting: LHB Luis Vicenteno 0-0: Called Strike
0-1: Ball
1-1: Ball
2-1: Fly out, F8 (Flyball, 89M)
Top of the 5th over - 2 run(s), 2 hit(s), 0 error(s), 2 left on base; Milton 5 - Phoenix 1
BOTTOM OF THE 5TH
Phoenix Hotspur Reserves batting - Pitching for Milton Dogfish Head : RHP Juan Lara
Batting: RHB Bob Curry 0-0: Ball
1-0: Ground out 5-3 (Groundball, 5L)
Batting: RHB Pierre Bernard 0-0: Foul Ball, location: 2F
0-1: Fly out, F9 (Flyball, 9D)
Batting: RHB Jesús Mejía 0-0: Called Strike
0-1: Called Strike
0-2: Ball
1-2: Ground out 5-3 (Groundball, 5L)
Bottom of the 5th over - 0 run(s), 0 hit(s), 0 error(s), 0 left on base; Milton 5 - Phoenix 1
TOP OF THE 6TH
Milton Dogfish Head batting - Pitching for Phoenix Hotspur Reserves : LHP Mike Harris
Batting: SHB Javier Luna 0-0: Ball
1-0: Swinging Strike
1-1: DOUBLE (Flyball, 78D)
Batting: RHB Rob Gray 0-0: Ground out 6-3 (Groundball, 6)
Batting: LHB Víctor Robledo 0-0: Fly out, F8 (Flyball, 8LS)
Batting: RHB José Correa 0-0: Ball
1-0: Ground out 1-3 (Groundball, 13S)
Top of the 6th over - 0 run(s), 1 hit(s), 0 error(s), 1 left on base; Milton 5 - Phoenix 1
BOTTOM OF THE 6TH
Phoenix Hotspur Reserves batting - Pitching for Milton Dogfish Head : RHP Juan Lara
Batting: RHB Marc Meertens 0-0: Foul Ball, location: 2F
0-1: Foul Ball, location: 2F
0-2: Foul Ball, location: 2F
0-2: Ball
1-2: Ground out 6-3 (Groundball, 6S)
Batting: LHB Harumi Takaki 0-0: Ball
1-0: Ball
2-0: Swinging Strike
2-1: Foul Ball, location: 2F
2-2: Ball
3-2: Foul Ball, location: 2F
3-2: Strikes out swinging
Batting: RHB Júlio Mateo 0-0: Ball
1-0: Foul Ball, location: 2F
1-1: Foul Ball, location: 2F
1-2: SOLO HOME RUN (Flyball, 78XD), Distance : 432 ft
Batting: RHB Jesús Álvarez 0-0: Foul Ball, location: 2F
0-1: Swinging Strike
0-2: Ball
1-2: Foul Ball, location: 2F
1-2: Ball
2-2: Ball
3-2: Base on Balls
Batting: SHB Jesús González 0-0: Ball
1-0: Called Strike
Jesús Álvarez steals 2nd base
1-1: Ball
2-1: Ball
3-1: Foul Ball, location: 2F
3-2: Ground out U3 (Groundball, 3)
Bottom of the 6th over - 1 run(s), 1 hit(s), 0 error(s), 1 left on base; Milton 5 - Phoenix 2
TOP OF THE 7TH
Milton Dogfish Head batting - Pitching for Phoenix Hotspur Reserves : LHP Mike Harris
Batting: LHB António Ramos 0-0: Ball
1-0: Ball
2-0: Reached on error, E4 (Popup, 34D)
Pitching: RHP Bob Cook
Batting: LHB Floyd Long 0-0: Ball
1-0: Foul Ball, location: 2F
1-1: Fly out, F9 (Flyball, 9S)
Batting: LHB Edward Woodstock 0-0: Swinging Strike
0-1: Ball
1-1: Ball
2-1: Foul Ball, location: 2F
2-2: SINGLE (Groundball, 25) (infield hit)
António Ramos to second
Batting: RHB David Sánchez 0-0: Ball
1-0: Ball
2-0: Ball
3-0: Called Strike
3-1: Base on Balls
António Ramos to third
Edward Woodstock to second
Pinch Hitting: RHB Fernando Silva 0-0: Fly out, F7 (Flyball, 78S)
Batting: SHB Javier Luna 0-0: Called Strike
0-1: Called Strike
0-2: Fly out, F8 (Flyball, 89M)
Top of the 7th over - 0 run(s), 1 hit(s), 1 error(s), 3 left on base; Milton 5 - Phoenix 2
BOTTOM OF THE 7TH
Phoenix Hotspur Reserves batting - Pitching for Milton Dogfish Head : RHP Juan Lara
Now in LF: Fernando Silva
Batting: RHB Hiwahikeiki Noelani 0-0: Ground out 4-3 (Groundball, 4)
Batting: RHB Bob Curry 0-0: Hit by Pitch
Pitching: RHP Mark Valle
Batting: RHB Pierre Bernard 0-0: Ball
1-0: Foul Ball, location: 2F
1-1: Ball
2-1: Ball
3-1: Foul Ball, location: 2F
3-2: Strikes out swinging
Batting: RHB Jesús Mejía 0-0: Ball
1-0: Called Strike
1-1: Swinging Strike
1-2: Fly out, F6 (Line Drive, 6)
Bottom of the 7th over - 0 run(s), 0 hit(s), 0 error(s), 1 left on base; Milton 5 - Phoenix 2
TOP OF THE 8TH
Milton Dogfish Head batting - Pitching for Phoenix Hotspur Reserves : RHP Bob Cook
Batting: RHB Rob Gray 0-0: Swinging Strike
0-1: Ball
1-1: Ball
2-1: Foul Ball, location: 2F
2-2: Strikes out swinging
Batting: LHB Víctor Robledo 0-0: Ball
1-0: SINGLE (Flyball, 8LS)
Batting: RHB José Correa 0-0: Ball
1-0: Ball
2-0: Called Strike
2-1: Ball
3-1: Called Strike
3-2: SINGLE (Flyball, 6MD)
Víctor Robledo to second
Batting: LHB António Ramos 0-0: Foul Ball, location: 2F
0-1: SINGLE (Groundball, 4D)
Víctor Robledo to third
José Correa to second
Runner from 3rd tries for Home, SAFE, no throw
Batting: LHB Floyd Long 0-0: Ball
1-0: Swinging Strike
1-1: Swinging Strike
1-2: Ball
2-2: Strikes out swinging
Batting: LHB Edward Woodstock 0-0: Ball
1-0: Ball
2-0: Ball
3-0: Called Strike
3-1: Foul Ball, location: 2F
3-2: Base on Balls
José Correa to third
António Ramos to second
Batting: RHB David Sánchez 0-0: Foul Ball, location: 2F
0-1: Ball
1-1: Ball
2-1: Ball
3-1: Foul Ball, location: 2F
3-2: SINGLE (Groundball, 56D)
José Correa scores
António Ramos to third
Edward Woodstock to second
António Ramos scores
Edward Woodstock to third
Batting: RHB Fernando Silva 0-0: Reached on error, E4 (Groundball, 4)
Edward Woodstock scores
David Sánchez to second
Pitching: RHP Richard Carlson
Batting: SHB Javier Luna 0-0: Fly out, F6 (Popup, 6)
Top of the 8th over - 4 run(s), 4 hit(s), 1 error(s), 2 left on base; Milton 9 - Phoenix 2
BOTTOM OF THE 8TH
Phoenix Hotspur Reserves batting - Pitching for Milton Dogfish Head : RHP Mark Valle
Batting: RHB Marc Meertens 0-0: Fly out, F8 (Flyball, 8RS)
Batting: LHB Harumi Takaki 0-0: Ball
1-0: Ball
2-0: Ground out U3 (Groundball, 3)
Batting: RHB Júlio Mateo 0-0: Ball
1-0: Ball
2-0: Ball
3-0: Called Strike
3-1: Foul Ball, location: 2F
3-2: Foul Ball, location: 2F
3-2: Foul Ball, location: 2F
3-2: Ground out 6-3 (Groundball, 6)
Bottom of the 8th over - 0 run(s), 0 hit(s), 0 error(s), 0 left on base; Milton 9 - Phoenix 2
TOP OF THE 9TH
Milton Dogfish Head batting - Pitching for Phoenix Hotspur Reserves : RHP Richard Carlson
Batting: RHB Rob Gray 0-0: Fly out, F7 (Flyball, 7LM)
Batting: LHB Víctor Robledo 0-0: Ball
1-0: Ball
2-0: Ball
3-0: Base on Balls
Batting: RHB José Correa 0-0: Ball
1-0: Grounds into double play, 6-4-3 (Groundball, 6M)
Top of the 9th over - 0 run(s), 0 hit(s), 0 error(s), 0 left on base; Milton 9 - Phoenix 2
BOTTOM OF THE 9TH
Phoenix Hotspur Reserves batting - Pitching for Milton Dogfish Head : RHP Mark Valle
Batting: RHB Jesús Álvarez 0-0: Foul Ball, location: 2F
0-1: Ball
1-1: Ground out 3-1 (Groundball, 34)
Batting: SHB Jesús González 0-0: Ball
1-0: Ball
2-0: SINGLE (Groundball, 34D)
Pitching: RHP José Luján
Batting: RHB Hiwahikeiki Noelani 0-0: Ball
1-0: Fly out, F5 (Popup, 56)
Batting: RHB Bob Curry 0-0: Ball
1-0: Ball
2-0: Called Strike
2-1: Fly out, F9 (Line Drive, 9)
Bottom of the 9th over - 0 run(s), 1 hit(s), 0 error(s), 1 left on base; Milton 9 - Phoenix 2
Monday, August 14th, 2017 - OOTP Baseball 17.12 Build 75